 Dungeon Crawl Stone Soup version 0.32-a0-290-g598725c5f2 (webtiles) character file.

Game seed: 8470259400734426747

347 Colgate the Conjurer (level 6, -9/44 (45) HPs)
             Began as a Demigod Conjurer on Feb 13, 2024.
             Killed by divine providence
             ... invoked by an orc priest
              (13 damage)
             ... on level 4 of the Dungeon.
             The game lasted 00:12:38 (4475 turns).

Colgate the Conjurer (Demigod Conjurer)             Turns: 4475, Time: 00:12:38

HP:   -9/44 (45)    AC:  3    Str:  8    XL:     6   Next: 10%
MP:   15/15         EV: 12    Int: 28    God:
Gold: 70            SH:  0    Dex: 12    Spells: 6/13 levels left

rFire   . . .        a - +4 quarterstaff (chaos)
rCold   . . .        (shield currently unavailable)
rNeg    . . .        e - +0 robe
rPois   .            (no helmet)
rElec   .            q - +0 cloak "Wauvesm" {Fly Stlth+}
rCorr   .            (no gloves)
SInv    .            (no boots)
Will    .....        (no amulet)
Stlth   +++          f - ring of flight
HPRegen 0.27/turn    (no ring)
MPRegen 0.14/turn

%: no passive effects
@: flying, lightly drained
A: high MP 1, forlorn, divine attributes
a: Convert to Beogh


You were on level 4 of the Dungeon.
You visited 1 branch of the dungeon, and saw 4 of its levels.

You collected 167 gold pieces.
You spent 97 gold pieces at shops.

Inventory:

Hand Weapons
 a - a +4 quarterstaff of chaos (weapon)
 c - a +0 short sword
 u - a +0 war axe
Missiles
 j - 6 boomerangs
 n - 2 throwing nets {!f}
 w - 5 poisoned darts
Armour
 e - a +0 robe (worn)
 q - the +0 cloak "Wauvesm" (worn) {Fly Stlth+}
   (You found it on level 2 of the Dungeon)

   Fly:       It grants you flight.
   Stlth+:    It makes you more stealthy.
 v - a +0 buckler
Jewellery
 f - a ring of flight (left hand)
Wands
 o - a wand of mindburst (20)
 y - a wand of flame (2)
Scrolls
 d - a scroll of enchant armour {unknown}
 h - 2 scrolls of immolation {unknown}
 i - 5 scrolls of blinking {@r4}
 k - 3 scrolls of teleportation {unknown}
 l - a scroll of poison {unknown}
 m - 2 scrolls of silence {unknown}
 r - 3 scrolls of identify {unknown}
 s - 2 scrolls of enchant weapon {unknown}
 x - a scroll of fear {unknown}
Potions
 b - 2 potions of magic
 g - 8 potions of curing {unknown}
 p - 2 potions of haste {unknown}
 t - 2 potions of attraction {unknown}
 z - a potion of berserk rage {unknown}
 A - a potion of invisibility {unknown}


   Skills:
 - Level 1.7 Dodging
 - Level 1.7 Stealth
 - Level 4.3 Spellcasting
 + Level 5.4 Conjurations


You had 6 spell levels left.
You knew the following spells:

 Your Spells              Type           Power      Damage    Failure   Level
a - Magic Dart            Conj           100%       1d8       1%          1
b - Searing Ray           Conj           72%        2d7       1%          2
c - Fulminant Prism       Conj/Alch      10%        3d8       24%         4

Your spell library contained the following spells:

 Spells                   Type           Power      Damage    Failure   Level
 Frozen Ramparts          Ice            12%        1d2       22%         3
 Iskenderun's Mystic Bla  Conj/Tloc      21%        2d6       24%         4
 Leda's Liquefaction      Alch/Erth      3%         N/A       58%         4
 Petrify                  Alch/Erth      6%         N/A       58%         4
 Metabolic Englaciation   Hex/Ice        3%         N/A       90%         5


Dungeon Overview and Level Annotations

Branches:
Dungeon (4/15)
 Temple: D:4-7

Shops:
D:2 ?

Annotations:
D:3 2 transporters


Innate Abilities, Weirdness & Mutations

You have an increased reservoir of magic. (+10% MP)
You shall have no god before yourself.
Your divine heritage dramatically boosts your attributes as you level up.


Message History

Beogh smites you!
The orc priest shouts, "The Pantheon deserves no one's loyalty.
Let us show you the true path!" (press Y on the ability menu to convert to Beogh)
The orc wizard gestures at you while chanting.
You are confused.
You bump into the rock wall.
You're too confused to move!
The orc wizard points at you and mumbles some strange words.
The magic dart hits you!
You miss the orc wizard.
The orc priest shouts, "The Pantheon deserves no one's loyalty.
Let us show you the true path!"
The orc wizard gestures wildly while chanting.
The orc wizard flickers and vanishes!
Deactivating autopickup; reactivate with Ctrl-A.
The orc priest attacks as it pursues you!
The orc priest hits you with a +0 mace of draining.
* * * LOW HITPOINT WARNING * * *
You feel drained.
You feel less confused. The orc priest closely misses you.
The orc priest looks encouraged for a moment.
Something hits you.
* * * LOW HITPOINT WARNING * * *
The orc priest mumbles some strange prayers to Beogh against you.
Beogh smites you!
* * * LOW HITPOINT WARNING * * *
Something hits you.
* * * LOW HITPOINT WARNING * * *
The orc priest casts a cantrip, but nothing happens.
Something hits you.
* * * LOW HITPOINT WARNING * * *
Something hits you but does no damage.
You hear some strange, mumbled words.
Something tries to affect you, but you resist.
You hear some strange, mumbled words.
Something tries to affect you, but you resist.
The orc priest shouts, "The Pantheon deserves no one's loyalty.
Let us show you the true path!"
The orc priest calls down the wrath of Beogh upon you.
Beogh smites you!
You die...

## #.....# ##..# # #.....#
###..## # ##.....# ##..###
###......# ###..####
.###.....########..##...#
.###......##...<...#....##
..##..........##.........#
#.........######.........#
##..#....## #@........#
##.###...# #.........##
##.# ##### ##..........#
##.# #...........# ##.#
#.{.........# ##.#
##.........## #..#
#.o......## #..# ######
##o......# #..# ##....#
#.....###


You could see an orc priest and an orc.

Vanquished Creatures
  A phantom (D:4)
  A howler monkey (D:4)
  Crazy Yiuf (D:2)
  A hound (D:4)
  An iguana (D:4)
  5 adders
  2 dart slugs
  An orc (D:2)
  6 ball pythons
  7 bats
  8 endoplasms
  3 giant cockroaches
  6 goblins
  A hobgoblin (D:4)
  A quokka (D:4)
  4 frilled lizards
  6 kobolds
  5 rats
60 creatures vanquished.

Notes
Turn   | Place    | Note
-------+----------+-------------------------------------------
     0 | D:1      | Colgate the Demigod Conjurer began the quest for the Orb.
     0 | D:1      | Reached XP level 1. HP: 14/14 MP: 5/5
   273 | D:1      | Reached XP level 2. HP: 20/20 MP: 5/7
   433 | D:1      | Reached skill level 4 in Conjurations
   436 | D:1      | Learned a level 2 spell: Searing Ray
  1108 | D:2      | Reached XP level 3. HP: 26/26 MP: 5/9
  1176 | D:2      | Identified the +0 cloak "Wauvesm" {Fly Stlth+}
  1628 | D:2      | Found Dosonorph's Magic Scroll Shoppe.
  1700 | D:2      | Found a runed translucent door.
  1701 | D:2      | Noticed Crazy Yiuf
  2004 | D:2      | Killed Crazy Yiuf
  2005 | D:2      | Reached XP level 4. HP: 16/33 MP: 5/11
  2536 | D:2      | Bought a scroll of blinking for 97 gold pieces
  2626 | D:3      | Found a transporter.
  3056 | D:3      | Reached skill level 5 in Conjurations
  3350 | D:3      | Found a transporter.
  3358 | D:3      | Noticed a centaur
  3546 | D:4      | Reached XP level 5. HP: 38/38 MP: 5/13
  4143 | D:4      | Reached XP level 6. HP: 45/45 MP: 11/15
  4152 | D:4      | Learned a level 4 spell: Fulminant Prism
  4467 | D:4      | HP: 1/44 [something (4)]
  4475 | D:4      | Killed from afar by an orc priest

Illustrated notes

Levels and vault maps discovered:
D:1:      lemuel_arrival_broad_hall, layout_loops_ring, hangedman_glass_teeth,
          nrook_mini_vaults
D:2:      layout_loops_ring, serial_shops, nicolae_shop_getting_attention,
          uniq_crazy_yiuf_cottage
D:3:      layout_loops_ring, gammafunk_temple_overflow_arena,
          grunt_dithmenos_smoke_and_mirrors
D:4:      layout_cave_pods, lemuel_doored_altar,
          mainiacjoe_overflow_tiny_flanked, kennysheep_orc_chapel

Skill      XL: |  1  2  3  4  5 |
---------------+----------------+-----
Spellcasting   | 2 3 4 |  4.3
Conjurations   | 4 5 |  5.4
Dodging        | |  1.7
Stealth        | |  1.7

Action                     |  1- 3 |  4- 6 || total
---------------------------+-------+-------++-------
  Melee: War axe           |     1 |       ||     1
         Quarterstaff      |       |     8 ||     8
   Cast: Magic Dart        |    31 |    19 ||    50
         Searing Ray       |     9 |    22 ||    31
 Armour: Robe              |     1 |    15 ||    16
  Dodge: Dodged            |     3 |    10 ||    13

Table legend: (Time is in decaauts)
 A = Elapsed time spent in this place.
 B = Non-inter-level travel time spent in this place.
 C = Inter-level travel time spent in this place.
 D = Time resting spent in this place.
 E = Time spent auto-exploring this place.
 F = Levels seen in this place.
 G = Mean time per level.
                   A        B        C        D        E       F      G
               +--------+--------+--------+--------+--------+-----+--------+
         Total |   4475 |   4081 |    394 |    226 |   3485 |   4 | 1118.8 |
       Dungeon |   4475 |   4081 |    394 |    226 |   3485 |   4 | 1118.8 |
               +--------+--------+--------+--------+--------+-----+--------+

Top non-repeatable levels by time:
     D:2: 1441 daAuts
     D:4: 1067 daAuts
     D:3: 1036 daAuts
     D:1: 930 daAuts
